 Dungeon Crawl Stone Soup version 0.30.1-11-g7821555f0a (webtiles) character file.

Game seed: 9787758959195035931

1 TheFool the Grave Robber (level 1, 0/13 HPs)
             Began as a Human Necromancer on Nov 19, 2023.
             Slain by a kobold
             ... wielding a +0 short sword
              (4 damage)
             ... on level 1 of the Dungeon.
             The game lasted 00:06:14 (170 turns).

TheFool the Grave Robber (Human Necromancer)         Turns: 170, Time: 00:06:15

Health: 0/13       AC:  2    Str:  8    XL:     1   Next: 22%
Magic:  3/3        EV: 12    Int: 15    God:
Gold:   65         SH:  0    Dex: 13    Spells: 3/4 levels left

rFire   . . .        d - +0 dagger
rCold   . . .        (no shield)
rNeg    . . .        a - +0 robe
rPois   .            (no helmet)
rElec   .            (no cloak)
rCorr   .            (no gloves)
SInv    .            (no boots)
Will    .....        (no amulet)
Stlth   ++           (no ring)
HPRegen 0.22/turn    (no ring)
MPRegen 0.08/turn

%: no passive effects
@: no status effects
A: no striking features
a: no special abilities


You were on level 1 of the Dungeon.
You visited 1 branch of the dungeon, and saw 1 of its levels.

You collected 65 gold pieces.

Inventory:

Hand Weapons
 c - a +0 sling
 d - a +0 dagger (weapon)
Armour
 a - a +0 robe (worn)
Potions
 b - a potion of magic


   Skills:
 + Level 2.1 Dodging
 + Level 2.0 Stealth
 + Level 2.0 Spellcasting
 + Level 4.0 Necromancy


You had 3 spell levels left.
You knew the following spells:

 Your Spells              Type           Power      Damage    Failure   Level
a - Necrotise             Necr           52%        1d6       4%          1

Your spell library contained the following spells:

 Spells                   Type           Power      Damage    Failure   Level
 Vampiric Draining        Necr           13%        2d6       13%         3
 Animate Dead             Necr           13%        N/A       38%         4
 Agony                    Necr           13%        N/A       75%         5


Dungeon Overview and Level Annotations

Branches:
Dungeon (1/15)

Altars:


Message History

The sling bullet closely misses the kobold.
The ball python barely misses you. The ball python misses you.
The kobold throws a stone.
The stone misses you. The ball python closely misses you.
The ball python barely misses you.
The kobold throws a stone.
The stone closely misses you.
d - a +0 dagger (weapon)
The ball python bites you but does no damage.
The ball python grabs you. The ball python constricts you.
You hit the ball python.
The ball python is moderately wounded.
The ball python bites you. The ball python constricts you.
You barely miss the ball python.
The ball python is moderately wounded.
The ball python bites you. The ball python constricts you.
The kobold barely misses you.
You hit the ball python but do no damage.
The ball python is moderately wounded.
The ball python misses you. The ball python constricts you.
The kobold closely misses you.
You closely miss the ball python.
The ball python is moderately wounded.
The ball python closely misses you. The ball python constricts you.
The kobold hits you with a +0 short sword.
The ball python closely misses you. The ball python constricts you.
You hit the ball python but do no damage.
The ball python is moderately wounded.
The ball python closely misses you. The ball python constricts you.
The kobold hits you with a +0 short sword.
* * * LOW HITPOINT WARNING * * *
You are too injured to fight recklessly!
You are too injured to fight recklessly!
You hit the ball python but do no damage.
The ball python is moderately wounded.
The ball python closely misses you. The ball python constricts you.
The kobold completely misses you.
You escape the ball python's grasp.
You closely miss the kobold. The ball python barely misses you.
The ball python misses you.
The kobold hits you with a +0 short sword.
You die...

#.####.#.......###>.....
#.# #.######### ##.....
#.# #.# ##...# #.# #.##
### ##..# #.# #.. ..#
##.# #.#
#.####.##########.#
##.####...........$.....#
#.......####..!..........
#.......@K..............#
#.###....S...[...######.#
#. #)..########.# #.. #.
#...# # ### .. #...# ##
#...# ....... ####....#
......


You could see a ball python and a kobold.

Vanquished Creatures
  A hobgoblin (D:1)
1 creature vanquished.

Notes
Turn   | Place    | Note
-------+----------+-------------------------------------------
     0 | D:1      | TheFool the Human Necromancer began the quest for the Orb.
     0 | D:1      | Reached XP level 1. HP: 13/13 MP: 3/3
   170 | D:1      | Slain by a kobold

Illustrated notes

Levels and vault maps discovered:
D:1:      mrwooster_arrival_statue_2, layout_loops_ring

Action                     || total
---------------------------++-------
  Melee: Dagger            ||     7
   Fire: Sling             ||     5
    Use: Potion            ||     1
 Armour: Robe              ||     1
  Dodge: Dodged            ||    18
